 Dungeon Crawl Stone Soup version 0.27.1-33-g824d729ab1 (webtiles) character file.

Game seed: 86151575605930187

101 vivovinco the Gusty (level 4, -3/24 HPs)
             Began as a Deep Elf Air Elementalist on Dec 28, 2021.
             Killed by nerve-wracking pain
             ... invoked by Grinder
              (13 damage)
             ... on level 3 of the Dungeon.
             The game lasted 00:14:07 (3030 turns).

vivovinco the Gusty (Deep Elf Air Elementalist)     Turns: 3030, Time: 00:14:08

Health: -3/24      AC:  3    Str:  5    XL:     4   Next: 48%
Magic:  3/11       EV: 12    Int: 21    God:
Gold:   192        SH:  0    Dex: 15    Spells: 2/10 levels left

rFire    + . .     SeeInvis .   b - +2 dagger (venom)
rCold    + . .     Faith    .   (no shield)
rNeg     . . .     Spirit   .   c - +1 robe {rF+}
rPois    .         Reflect  .   (no helmet)
rElec    .         Harm     .   (no cloak)
rCorr    .         Rampage  .   (no gloves)
Will     .....                  (no boots)
Stlth    +++.......             (no amulet)
HPRegen  0.08/turn              e - ring of protection from cold
MPRegen  0.12/turn              j - ring of flight

@: flying
A: no striking features
a: no special abilities


You were on level 3 of the Dungeon.
You visited 1 branch of the dungeon, and saw 4 of its levels.

You collected 192 gold pieces.

Inventory:

Hand Weapons
 b - a +2 dagger of venom (weapon)
Missiles
 i - 36 arrows
 k - 62 stones (quivered)
Armour
 c - a +1 robe of fire resistance (worn)
Magical Staves
 f - a staff of death
Jewellery
 e - a ring of protection from cold (left hand)
 j - a ring of flight (right hand)
Scrolls
 a - a scroll of magic mapping {unknown}
 g - a scroll of noise {unknown}
 h - a scroll of teleportation {unknown}
 m - a scroll of fear {unknown}
 n - a scroll of identify {unknown}
 o - a scroll of fog {unknown}
Potions
 d - a potion of heal wounds {unknown}
 l - 2 potions of cancellation {unknown}


   Skills:
 + Level 0.2 Short Blades
 + Level 2.6 Dodging
 + Level 3.8 Stealth
 + Level 3.9 Spellcasting
 + Level 1.8 Conjurations
 + Level 3.9 Air Magic


You had 2 spell levels left.
You knew the following spells:

 Your Spells              Type           Power      Damage    Failure   Level
a - Shock                 Conj/Air       64%        1d7       3%          1
b - Static Discharge      Conj/Air       16%        N/A       5%          2
c - Blink                 Tloc           N/A        N/A       19%         2
d - Swiftness             Air            20%        N/A       7%          3

Your spell library contained the following spells:

 Spells                   Type           Power      Damage    Failure   Level
 Beastly Appendage        Tmut           8%         N/A       12%         1
 Pain                     Necr           16%        1d4       12%         1
 Wereblood                Tmut           4%         N/A       19%         2
 Airstrike                Air            10%        N/A       24%         4
 Spider Form              Tmut/Pois      2%         N/A       36%         3
 Agony                    Necr           4%         N/A       98%         5
 Excruciating Wounds      Necr           2%         N/A       98%         5
 Manifold Assault         Tloc           4%         N/A       98%         5
 Storm Form               Tmut/Air       6%         N/A       100%        7


Dungeon Overview and Level Annotations

Branches:
Dungeon (4/15)
 Temple: D:4-7

Altars:
Zin

Annotations:
D:3 Grinder


Message History

Press: ? - help, Shift-Dir - straight line The zap hits Grinder.
Grinder is lightly wounded.
The zap hits Grinder.
Grinder is lightly wounded.
Casting: Shock (safe; 3% risk of failure)
Confirm with . or Enter, or press ? or * to list all spells.
Aiming: Shock (safe; 3% risk of failure)
Press: ? - help, Shift-Dir - straight line The zap misses Grinder.
Casting: Shock (safe; 3% risk of failure)
Confirm with . or Enter, or press ? or * to list all spells.
Grinder is struck by an arc of lightning!
Grinder is moderately wounded.
You are struck by an arc of lightning.
The lightning grounds out.
Grinder gestures at you.
You suddenly lose the ability to move!
Grinder zaps a wand.
The puff of flame hits you. You resist. Grinder completely misses you.
You can move again.
Casting: Static Discharge (safe; 5% risk of failure)
Confirm with . or Enter, or press ? or * to list all spells.
Grinder is struck by an arc of lightning.
Grinder is heavily wounded.
You are struck by an arc of lightning.
The lightning grounds out.
Grinder gestures at you.
You shrug off the repeated paralysis!
Casting: Static Discharge (safe; 5% risk of failure)
Confirm with . or Enter, or press ? or * to list all spells.
Grinder is struck by an arc of lightning!
Grinder is severely wounded.
The lightning grounds out.
Grinder gestures at you. Pain shoots through your body!
You hit Grinder but do no damage.
Grinder is severely wounded.
Grinder gestures at you. Pain shoots through your body!
Ouch! That really hurt!
You die...

#≈≈....⌠....≈≈# #.#.##.##.#####
#≈≈≈.......≈≈≈####.#....##......
#≈≈≈≈.....≈≈≈≈#.##.#.........#.#
#≈≈≈≈≈≈.≈≈≈≈≈≈#.##...........#..
#######'#######.####........##.#
#..........####........##.#
#..........##.'..).....+..#
##..........##.#........####
#..........@5..############.
#.......############# ##.#
#.......'.).........# ##.#.
#.......###########.# ##.#.#
#.......#....# ####.###.#.##
#.......#.##.# #....##.#.##.
#.......#..#.# #.####.#.##.#
#...÷...##.#.###.###.#.##.#.
#...###.)........##.#.##.#))


You could see Grinder.

Vanquished Creatures
  A hound (D:3)
  An adder (D:3)
  3 worms
  A dart slug (D:2)
  6 ball pythons
  4 endoplasms
  2 giant cockroaches (D:3)
  4 goblins
  2 hobgoblins
  6 kobolds
  5 quokkas
  6 bats
  3 frilled lizards
  4 rats
48 creatures vanquished.

Notes
Turn   | Place    | Note
-------+----------+-------------------------------------------
     0 | D:1      | vivovinco the Deep Elf Air Elementalist began the quest for
                  | the Orb.
     0 | D:1      | Reached XP level 1. HP: 10/10 MP: 6/6
   511 | D:1      | Reached XP level 2. HP: 15/15 MP: 8/8
   515 | D:1      | Learned a level 2 spell: Static Discharge
   518 | D:1      | Learned a level 2 spell: Blink
  1372 | D:2      | Reached XP level 3. HP: 19/19 MP: 4/9
  2387 | D:3      | Learned a level 3 spell: Swiftness
  2629 | D:3      | Reached XP level 4. HP: 24/24 MP: 6/11
  2716 | D:3      | Found a glowing silver altar of Zin.
  2902 | D:3      | Noticed Grinder
  2916 | D:3      | Paralysed by Grinder for 3 turns
  3025 | D:3      | Paralysed by Grinder for 3 turns
  3030 | D:3      | Killed from afar by Grinder

Illustrated notes

Levels and vault maps discovered:
D:1:      shiori_arrival_elements, layout_basic
D:2:      layout_basic, st_stairs_8
D:3:      minmay_inner_zag, layout_basic, amcnicky_altar_gilded,
          shapermc_ecumenical_altar_pompeii, corexii_hall_statues_x,
          kennysheep_generic_room_2, uniq_grinder
D:4:      layout_basic, chequers_serial_rivers_micro_e, uniq_robin, uniq_sigmund

Skill      XL: |  1  2  3 |
---------------+----------+-----
Stealth        | 3 |  3.8
Short Blades   | |  0.2
Dodging        | |  2.6
Spellcasting   | |  3.9
Conjurations   | |  1.8
Air Magic      | |  3.9

Action                   |  1- 3 |  4- 6 || total
-------------------------+-------+-------++-------
Melee: Dagger            |    26 |     3 ||    29
 Cast: Shock             |    48 |    18 ||    66
       Static Discharge  |     9 |     4 ||    13
       Blink             |       |     2 ||     2
 Stab: Sleeping          |     8 |       ||     8
Armor: Robe              |     5 |       ||     5
Dodge: Dodged            |     9 |     3 ||    12
